 Dungeon Crawl Stone Soup version 0.29-a0-473-gacb4ef3bc5 (webtiles) character file.

Game seed: 13051455740330002284

78 101zpm the Magician (level 4, -4/31 HPs)
             Began as a Djinni Fire Elementalist on May 23, 2022.
             Slain by an orc
             ... wielding a +0 flail of protection
              (5 damage)
             ... on level 3 of the Dungeon.
             The game lasted 00:03:08 (3115 turns).

101zpm the Magician (Djinni Fire Elementalist)      Turns: 3115, Time: 00:03:08

Health: -4/31      AC:  2    Str:  7    XL:     4   Next: 61%
Gold:   114        EV: 12    Int: 18    God:
                   SH:  0    Dex: 14

rFire   + + .      SeeInvis .   (no weapon)
rCold   x . .      Faith    .   (no shield)
rNeg    . . .      Spirit   .   a - +0 robe
rPois   ∞          Reflect  .   (no helmet)
rElec   .          Harm     .   (no cloak)
rCorr   .          Rampage  .   (no gloves)
Will    .....                   (boots unavailable)
Stlth   ++........              (no amulet)
HPRegen 0.10/turn               (no ring)
MPRegen 0.00/turn               (no ring)

@: flying
A: sickness immunity, fire resistance 2, cold vulnerability 1, float, innate
caster, HP casting, extra vitality 1
a: no special abilities


You were on level 3 of the Dungeon.
You visited 1 branch of the dungeon, and saw 3 of its levels.

You collected 114 gold pieces.

Inventory:

Armour
 a - a +0 robe (worn)
Jewellery
 f - a +4 ring of protection
Wands
 k - a wand of acid (6)
Scrolls
 c - 3 scrolls of teleportation {unknown}
 h - a scroll of vulnerability {unknown}
 i - 6 scrolls of identify {unknown}
 j - a scroll of fog {unknown}
Potions
 b - a potion of flight {unknown}
 d - a potion of berserk rage {unknown}
 e - a potion of curing {unknown}
 g - a potion of lignification {unknown}
 l - a potion of invisibility {unknown}


   Skills:
 + Level 2.3 Dodging
 + Level 1.7 Stealth
 + Level 3.8 Spellcasting


You couldn't memorise any spells.
You knew the following spells:

 Your Spells              Type           Power      Damage    Failure   Level
a - Foxfire               Conj/Fire      68%        2x1d7     3%          1
b - Scorch                Fire           34%        2d6       4%          2
c - Conjure Flame         Conj/Fire      17%        6-21      10%         3
d - Inner Flame           Hex/Fire       17%        N/A       10%         3
e - Flame Wave            Conj/Fire      17%        2d6       30%         4
f - Summon Small Mammal   Summ           68%        N/A       3%          1
Your spell library was empty.

Dungeon Overview and Level Annotations

Branches:
Dungeon (3/15)

Altars:


Innate Abilities, Weirdness & Mutations

You are immune to sickness and miasma.
You are immune to poison.
Your flesh is very heat resistant. (rF++)
You are vulnerable to cold. (rC-)
You float through the air rather than walking.
You learn spells naturally, not from books.
Your magical power is your life essence.
You have superior vitality. (+4 MHP)


Message History

The orc closely misses your quokka.
Casting: Scorch (safe; 4% risk of failure)
Confirm with . or Enter, or press ? or * to list all spells.
You miscast Scorch.
You are very lightly contaminated with residual magic.
Nothing appears to happen.
* * * LOW HITPOINT WARNING * * *
Your quokka closely misses the orc.
The orc misses your quokka.
The orc hits your quokka with a +0 hand axe.
Your quokka dies!
Your quokka's corpse disappears in a puff of smoke!
Casting: Scorch (safe; 4% risk of failure)
Confirm with . or Enter, or press ? or * to list all spells.
Flames lash the orc.
You kill the orc!
* * * LOW HITPOINT WARNING * * *
Casting: Scorch (safe; 4% risk of failure)
Confirm with . or Enter, or press ? or * to list all spells.
Flames lash the orc.
The orc is moderately wounded.
The orc's fire resistance burns away.
* * * LOW HITPOINT WARNING * * *
Casting: Scorch (safe; 4% risk of failure)
Confirm with . or Enter, or press ? or * to list all spells.
You don't have enough health to cast this spell.
Unknown command.
The orc attacks as you move away! The orc misses you.
The orc is no longer more vulnerable to fire.
Your magical contamination has completely faded away.
Casting: Scorch (safe; 4% risk of failure)
Confirm with . or Enter, or press ? or * to list all spells.
Flames lash the orc priest.
The orc priest is severely wounded.
The orc priest's fire resistance burns away.
* * * LOW HITPOINT WARNING * * *
The orc closely misses you.
The orc priest attacks as you move away!
The orc priest closely misses you. The orc attacks as you move away!
The orc hits you with a +0 flail of protection.
You die...

...............#....
..........#'######## ####
.........#.# #...
.........#.# #...
.........#.##########...
.........#.##.......+...
.........#.##.#######...
######..##+##.#.....#...
##@....#.#.....#... ##
#oo...#.'.....#.). ...
##....###.....#... ..oo
#g...#.'.....#... .....
#....#.#.....'...
.....)###....#.#.....#...
....g)o.'..>.#.#.....##..
.....†###....#.#.....++..
..... #....#.#.....##..


You could see an orc priest (combustible), an orc and a goblin.

Vanquished Creatures
  2 adders (D:3)
  A dart slug (D:1)
  4 orcs (D:3)
  3 ball pythons (D:1)
  5 endoplasms
  A giant cockroach (D:1)
  6 hobgoblins
  6 jackals
  A quokka (D:3)
  5 bats
  2 frilled lizards
  7 kobolds
  7 rats
50 creatures vanquished.

Vanquished Creatures (collateral kills)
  A hobgoblin (D:3)
  8 foxfires (D:1)
9 creatures vanquished.

Vanquished Creatures (others)
  226 foxfires
  7 plants (D:1)
233 creatures vanquished.

Grand Total: 292 creatures vanquished

Notes
Turn   | Place    | Note
-------+----------+-------------------------------------------
     0 | D:1      | 101zpm the Djinni Fire Elementalist began the quest for the
                  | Orb.
     0 | D:1      | Reached XP level 1. HP: 15/15 MP: 0/0
   392 | D:1      | Reached XP level 2. HP: 19/21 MP: 0/0
  1094 | D:1      | Reached skill level 3 in Spellcasting
  1219 | D:1      | Reached XP level 3. HP: 22/25 MP: 0/0
  1219 | D:1      | Learned a level 1 spell: Summon Small Mammal
  1762 | D:1      | Found a faded altar of an unknown god.
  2597 | D:3      | Reached XP level 4. HP: 19/31 MP: 0/0
  3115 | D:3      | Slain by an orc

Illustrated notes

Levels and vault maps discovered:
D:1:      roderic_crop_circles_arrival_small, layout_basic,
          hellmonk_ecumenical_altar_run_dry
D:2:      layout_loops_cross, kennysheep_potato
D:3:      layout_basic, st_stairs_9, minmay_vboxes

Skill      XL: |  1  2 |
---------------+-------+-----
Spellcasting   | 3 |  3.8
Dodging        | |  2.3
Stealth        | |  1.7

Action                   |  1- 3 |  4- 6 || total
-------------------------+-------+-------++-------
Melee: Unarmed           |     1 |       ||     1
 Cast: Foxfire           |   131 |    14 ||   145
       Scorch            |     1 |    13 ||    14
       Summon Small Mamm |     1 |     1 ||     2
Armor: Robe              |       |     1 ||     1
Dodge: Dodged            |     1 |     3 ||     4

Table legend: (Time is in decaauts)
 A = Elapsed time spent in this place.
 B = Non-inter-level travel time spent in this place.
 C = Inter-level travel time spent in this place.
 D = Time resting spent in this place.
 E = Time spent auto-exploring this place.
 F = Levels seen in this place.
 G = Mean time per level.
                   A        B        C        D        E       F      G
               +--------+--------+--------+--------+--------+-----+--------+
         Total |   3114 |   3084 |     30 |      0 |   2808 |   3 | 1038.0 |
       Dungeon |   3114 |   3084 |     30 |      0 |   2808 |   3 | 1038.0 |
               +--------+--------+--------+--------+--------+-----+--------+

Top non-repeatable levels by time:
     D:1: 1940 daAuts
     D:3: 946 daAuts
     D:2: 227 daAuts
